 Dungeon Crawl Stone Soup version 0.25-a0-589-g1e14c549ee (webtiles) character file.

Game seed: 2690460427723888741, levelgen mode: deterministic

74 Gynju the Magician (level 4, -12/27 HPs)
             Began as an Octopode Wizard on Mar 13, 2020.
             Killed by nerve-wracking pain
             ... invoked by a shadow imp
             ... summoned by Natasha
              (13 damage)
             ... on level 2 of the Dungeon.
             The game lasted 00:02:00 (1868 turns).

Gynju the Magician (Octopode Wizard)                Turns: 1868, Time: 00:02:00

Health: -12/27     AC:  1    Str:  6    XL:     4   Next: 28%
Magic:  0/10       EV: 13    Int: 21    God:
Gold:   108        SH:  0    Dex: 10    Spells: 7/12 levels left

rFire    . . .     SeeInvis .   g - +0 spear
rCold    . . .     Gourm    .   (no shield)
rNeg     . . .     Faith    .   a - +0 hat
rPois    .         Spirit   .   (no amulet)
rElec    .         Reflect  .   (no ring)
rCorr    .         Harm     .   (no ring)
MR       .....                  (no ring)
Stlth    +++.......             (no ring)
HPRegen  0.09/turn              (no ring)
MPRegen  0.12/turn              (no ring)
                                (no ring)
                                (no ring)

@: very slightly contaminated
A: almost no armour, stealthy swim, amphibious, 8 rings, constrict 8, camouflage
1, gelatinous body 1
a: no special abilities


You were on level 2 of the Dungeon.
You were not hungry.

You visited 1 branch of the dungeon, and saw 3 of its levels.

You collected 108 gold pieces.

Inventory:

Hand Weapons
 g - a +0 spear (weapon)
Armour
 a - a +0 hat (worn)
Jewellery
 j - a cursed amulet of inaccuracy {unknown}
Scrolls
 b - 2 scrolls of identify {unknown}
 f - a scroll of magic mapping {unknown}
 h - a scroll of enchant weapon {unknown}
 i - a scroll of remove curse {unknown}
 k - a scroll of enchant armour {unknown}
Potions
 e - a potion of brilliance {unknown}
Comestibles
 c - 4 rations
 d - 3 chunks of flesh


   Skills:
 - Level 2.0 Dodging
 - Level 2.6 Stealth
 + Level 4.7 Spellcasting
 - Level 1.0 Conjurations
 - Level 1.0 Summonings
 - Level 1.0 Translocations


You had 7 spell levels left.
You knew the following spells:

 Your Spells              Type           Power        Failure   Level  Hunger
a - Magic Dart            Conj           #...         8%          1    None
b - Blink                 Tloc           N/A          11%         2    #......
c - Call Imp              Summ           #.......     11%         2    #......

Your spell library contained the following spells:

 Spells                   Type           Power        Failure   Level  Hunger
 Slow                     Hex            #.......     17%         2    #......
 Conjure Flame            Conj/Fire      #.......     26%         3    ##.....
 Mephitic Cloud           Conj/Pois/Air  #.......     28%         3    ##.....


Dungeon Overview and Level Annotations

Branches:
Dungeon (3/15)

Altars:
Ru
Xom

Annotations:
D:2 Natasha


Innate Abilities, Weirdness & Mutations

You cannot wear most types of armour.
You are very stealthy in the water. (Stealth+)
You are amphibious.
You can wear up to eight rings at the same time.
You can use your tentacles to constrict eight enemies at once.
Your skin changes colour to match your surroundings (Stealth+).
Your rubbery body absorbs attacks. (AC +1, EV +1)


Message History

You hit Natasha but do no damage. Your grab misses Natasha.
Natasha is almost dead.
Natasha stares at you and mumbles some strange words.
The magic dart hits you.
* * * LOW HITPOINT WARNING * * *
The shadow imp closely misses you.
You closely miss Natasha. Your grab misses Natasha.
Natasha is almost dead.
Natasha barely misses you.
The shadow imp hits you but does no damage.
You barely miss Natasha. Your grab misses Natasha. Your squeeze misses Natasha.
Natasha is almost dead.
Natasha barely misses you. The shadow imp closely misses you.
You closely miss Natasha. You grab Natasha.
Natasha is severely wounded.
You constrict Natasha. Natasha claws you.
* * * LOW HITPOINT WARNING * * *
The shadow imp gestures at you. Pain shoots through your body!
You die...

,*,*,*,*,*,,,รท,,,,,,,*
,,,,,,,,,,,,,,.*******
,*,*,*,*,*,,,*.#*
,,,,,,<,,.,***..*
,*,*,*,*,#.#**#.*
,,,,,,,,,....##.*
,,<,,,,,,,*#....*
,,,,,,,,,,,**#.h##
,,,,,,,,,,,* *#5@##
,,,,,,,,,,,* ##..##
,,,,,,,,,,,*** #.)>#
,,,,,,,,,,,,,**##..#
,,,,,,,,,,,,,,**##.#**
,),,,,,,,,,,,,,,,...,*
,,,,,,,,,,,*,,,**....*
,,,*,,,,,,,,,,,*#....#
,,,,,,,,,,,**,,,..#(.#***


You could see Natasha and a shadow imp.

Vanquished Creatures
  Natasha (D:2)
  3 adders (D:2)
  A worm (D:2)
  An orc (D:2)
  2 goblins (D:1)
  2 hobgoblins
  A ball python (D:2)
  4 bats
  5 kobolds (D:1)
  A rat (D:1)
21 creatures vanquished.

Notes
Turn   | Place    | Note
-------+----------+-------------------------------------------
     0 | D:1      | Gynju the Octopode Wizard began the quest for the Orb.
     0 | D:1      | Reached XP level 1. HP: 11/11 MP: 4/4
   440 | D:1      | Reached XP level 2. HP: 17/17 MP: 1/6
   973 | D:2      | Reached XP level 3. HP: 15/21 MP: 1/8
  1145 | D:2      | Reached skill level 4 in Spellcasting
  1411 | D:2      | Learned a level 2 spell: Blink
  1414 | D:2      | Learned a level 2 spell: Call Imp
  1461 | D:2      | Noticed Natasha
  1472 | D:2      | Killed Natasha
  1472 | D:2      | Reached XP level 4. HP: 10/27 MP: 0/10
  1778 | D:2      | Found a shimmering altar of Xom.
  1784 | D:2      | Found a sacrificial altar of Ru.
  1852 | D:2      | Noticed Natasha
  1868 | D:2      | HP: 1/27 [Natasha (2)]
  1868 | D:2      | Killed from afar by a shadow imp

Levels and vault maps discovered:
D:1:      dpeg_arrival_signposts, layout_basic
D:2:      layout_rooms, grunt_temple_overflow_open, first_ration,
          kennysheep_cross_room, hangedman_decor_clover_reticule,
          nrook_campfire, st_stairs_12, uniq_natasha
D:3:      layout_rooms, yredelemnul_altar_generic, old_standard_altar,
          uniq_sigmund, uniq_ijyb

Skill      XL: |  1  2  3 |
---------------+----------+-----
Spellcasting   | 4 |  4.7
Dodging        | |  2.0
Stealth        | |  2.6
Conjurations   | |  1.0
Summonings     | |  1.0
Translocations | |  1.0

Action                   |  1- 3 |  4- 6 || total
-------------------------+-------+-------++-------
Melee: Unarmed           |     7 |       ||     7
       Spear             |    10 |     5 ||    15
       Tentacles         |     3 |       ||     3
       Constrict         |     2 |     1 ||     3
 Cast: Magic Dart        |    57 |    22 ||    79
  Eat: Chunk             |     2 |     1 ||     3
Armor: Skin              |     2 |     2 ||     4
Dodge: Dodged            |    16 |     7 ||    23

Table legend:
 A = Non-vault XP
 B = Vault XP
 C = Vault XP percentage of total XP
 D = Non-vault monster count
 E = Vault monster count
 F = Vault count percentage of total count
                 A         B        C        D         E       F
            +---------+---------+-------+---------+---------+-------
      Total |      70 |      36 |  34.0 |      19 |       2 |   9.5
            +---------+---------+-------+---------+---------+-------
        D:1 |      17 |       0 |   0.0 |      11 |       0 |   0.0
        D:2 |      53 |      36 |  40.4 |       8 |       2 |  20.0
            +---------+---------+-------+---------+---------+-------
